 Dungeon Crawl Stone Soup version 0.26.0-16-gc1dbca0489 (webtiles) character file.

Game seed: 6164788706630220161

22 thiole the Magician (level 2, 0/17 HPs)
             Began as an Octopode Hedge Wizard on Jan 19, 2021.
             Succumbed to an adder's poison
             ... on level 2 of the Dungeon.
             The game lasted 00:01:12 (1052 turns).

thiole the Magician (Octopode Hedge Wizard)         Turns: 1052, Time: 00:01:12

Health: 0/17       AC:  1    Str:  9    XL:     2   Next: 91%
Magic:  4/6        EV: 13    Int: 16    God:
Gold:   101        SH:  0    Dex: 11    Spells: 6/7 levels left

rFire    . . .     SeeInvis .   l - +1 dagger (venom)
rCold    . . .     Faith    .   (no shield)
rNeg     . . .     Spirit   .   b - +0 hat
rPois    .         Reflect  .   (no amulet)
rElec    .         Harm     .   (no ring)
rCorr    .         Rampage  .   (no ring)
Will     .....                  (no ring)
Stlth    +++.......             (no ring)
HPRegen  0.05/turn              (no ring)
MPRegen  0.10/turn              (no ring)
                                (no ring)
                                (no ring)

@: lethally poisoned (0 -> -17), very slightly contaminated, hasted, very quick
A: almost no armour, stealthy swim, amphibious, 8 rings, constrict 8, camouflage
1, gelatinous body 1
a: no special abilities


You were on level 2 of the Dungeon.
You visited 1 branch of the dungeon, and saw 2 of its levels.

You collected 101 gold pieces.

Inventory:

Hand Weapons
 a - a +0 dagger
 l - a +1 dagger of venom (weapon)
Armour
 b - a +0 hat (worn)
Jewellery
 k - a cursed amulet of inaccuracy {unknown}
Potions
 c - a potion of lignification {unknown}
 d - 2 potions of heal wounds {unknown}
 e - 2 potions of haste


   Skills:
 + Level 2.1 Dodging
 + Level 3.0 Stealth
 + Level 3.1 Spellcasting
 * Level 1.5 Conjurations
 * Level 1.7 Summonings
 - Level 1.0 Translocations


You had 6 spell levels left.
You knew the following spells:

 Your Spells              Type           Power        Failure   Level
a - Magic Dart            Conj           28%          10%         1

Your spell library contained the following spells:

 Spells                   Type           Power        Failure   Level
 Call Imp                 Summ           8%           14%         2
 Blink                    Tloc           N/A          19%         2
 Slow                     Hex            2%           28%         2
 Conjure Flame            Conj/Fire      5%           38%         3
 Mephitic Cloud           Conj/Pois/Air  4%           41%         3


Dungeon Overview and Level Annotations

Branches:
Dungeon (2/15)

Altars:


Innate Abilities, Weirdness & Mutations

You cannot wear most types of armour.
You are very stealthy in the water. (Stealth+)
You are amphibious.
You can wear up to eight rings at the same time.
You can use your tentacles to constrict eight enemies at once.
Your skin changes colour to match your surroundings (Stealth+).
Your rubbery body absorbs attacks. (AC +1, EV +1)


Message History

You completely miss the adder.
The adder is moderately wounded.
You constrict the adder.
You feel sick. The adder bites you.
* * * LOW HITPOINT WARNING * * *
You are more poisoned.
The adder poisons you!
You hit the adder.
The adder looks as sick as possible!
The adder is severely wounded.
You constrict the adder.
* * * LOW HITPOINT WARNING * * *
You feel sick. The adder barely misses you. The adder completely misses you.
You completely miss the adder. Your squeeze misses the adder.
The adder is almost dead.
You constrict the adder.
You kill the adder!
* * * LOW HITPOINT WARNING * * *
You feel sick.
Your Stealth skill increases to level 3!
It was a potion of haste.
You feel yourself speed up.
You die...

..... .... .... ....##
#.##.. #.##.# #.##.#
###.##.###.# ##
#.@........#
#....#.#.####.#
.......#...####.##
.......##........#
..............>..###
......###.######.§.
....#####.######...
.............§§##§#
..########.#§##§######


There were no monsters in sight!

Vanquished Creatures
  An adder (D:2)
  An ooze (D:1)
  2 giant cockroaches (D:1)
  2 goblins (D:1)
  A hobgoblin (D:1)
  2 frilled lizards (D:1)
9 creatures vanquished.

Notes
Turn   | Place    | Note
-------+----------+-------------------------------------------
     0 | D:1      | thiole the Octopode Hedge Wizard began the quest for the
                  | Orb.
     0 | D:1      | Reached XP level 1. HP: 11/11 MP: 4/4
   227 | D:1      | Reached XP level 2. HP: 4/17 MP: 1/6
  1052 | D:2      | Succumbed to an adder's poison

Illustrated notes

Levels and vault maps discovered:
D:1:      wheals_arrival_shading, layout_loops_cross
D:2:      layout_loops_ring, chequers_ecumenical_altar_grove,
          kennysheep_generic_room_3

Skill      XL: |  1  2 |
---------------+-------+-----
Stealth        | 3 |  3.0
Dodging        | |  2.1
Spellcasting   | |  3.1
Conjurations   | |  1.5
Summonings     | |  1.7
Translocations | |  1.0

Action                   || total
-------------------------++-------
Melee: Dagger            ||    20
       Constrict         ||     3
       Tentacles         ||     1
 Cast: Magic Dart        ||    21
  Use: Scroll            ||     5
       Potion            ||     1
Armor: Skin              ||     2
Dodge: Dodged            ||     5
